 Dungeon Crawl Stone Soup version 0.17-a0-1763-g847a857 (webtiles) character file.

168 Leibowitz the Shield-Bearer (level 5, -5/45 HPs)
             Began as a Demigod Fighter on Sept 5, 2015.
             Slain by a killer bee (8 damage)
             ... on level 3 of the Dungeon.
             The game lasted 00:05:18 (2432 turns).

Leibowitz the Shield-Bearer (Demigod Fighter)       Turns: 2432, Time: 00:05:18

Health: -5/45      AC:  6    Str: 19    XL:     5   Next: 3%
Magic:  7/7        EV:  8    Int: 17    God:
Gold:   116        SH: 10    Dex: 17    Spells: 0 memorised, 4 levels left

rFire  . . .     SeeInvis .     a - +0 long sword
rCold  . . .     Clarity  .     c - +0 scale mail
rNeg   . . .     SustAt   +     e - +0 shield
rPois  .         Gourm    .     (no helmet)
rElec  .         Spirit   .     (no cloak)
rCorr  .         Warding  .     (no gloves)
rMut   .         Stasis   .     (no boots)
MR     .....                    (no amulet)
Stlth  ..........               (no ring)
                                (no ring)

@: brilliant, lethally poisoned (-5 -> -8), not resistant to hostile
enchantments, extremely unstealthy
A: high mp 1, sustain attributes
a: no special abilities


You were on level 3 of the Dungeon.
You were not hungry.

You visited 1 branch of the dungeon, and saw 3 of its levels.

You collected 116 gold pieces.

Inventory:

Hand weapons
 a - a +0 long sword (weapon)
Missiles
 r - 12 poisoned needles
Armour
 c - a +0 scale mail (worn)
 e - a +0 shield (worn)
Scrolls
 k - 2 scrolls of identify {unknown}
 l - a scroll of magic mapping {unknown}
 m - 2 scrolls of noise {unknown}
 n - a scroll of teleportation {unknown}
 p - a scroll of fog {unknown}
 v - a scroll of fear {unknown}
 w - a scroll of amnesia {unknown}
 y - a scroll of remove curse {unknown}
Potions
 d - 2 potions of might
 g - 3 potions of brilliance
 h - 3 potions of curing {unknown}
 j - a potion of lignification {unknown}
 q - 2 potions of heal wounds {unknown}
 t - a potion of agility {unknown}
 u - a potion of mutation {unknown}
 x - a potion of magic {unknown}
Comestibles
 b - 2 bread rations
 f - a slice of pizza
 i - a fruit
 o - 2 meat rations


   Skills:
 + Level 3.1 Fighting
 + Level 2.5 Long Blades
 + Level 0.1 Throwing
 + Level 3.6 Armour
 + Level 1.2 Dodging
 + Level 3.7 Shields


You had 4 spell levels left.
You didn't know any spells.

Dungeon Overview and Level Annotations

Branches:
Dungeon (3/15)


Innate Abilities, Weirdness & Mutations

You have an increased reservoir of magic (+10% MP).
Your attributes are resistant to harm.


Message History

You closely miss the killer bee.
The killer bee is almost dead.
You feel sick.
You are no longer poisoned.
You block the killer bee's attack. The killer bee stings you.
You barely miss the killer bee.
The killer bee is almost dead.
You kill the killer bee!
You have reached level 5!
The killer bee stings you!
* * * LOW HITPOINT WARNING * * *
You are poisoned.
The killer bee poisons you! You block the killer bee's attack.
Drink which item? (? for menu, Esc to quit)
It was a potion of brilliance.
You feel clever all of a sudden.
You feel sick. The killer bee stings you.
* * * LOW HITPOINT WARNING * * *
The killer bee stings you!
You die...

####.# #.# ##.##
### ##.#.#
.....####.###.##
#.....## #.#
######(###.## #
##.#.#####...(
##(..@yS(#
##..###.# #)...#
#..#.# ........
.....##.##..
..###### <# .. .
# .


You could see a killer bee and an adder.

Vanquished Creatures
  2 killer bees (D:3)
  3 adders
  An ooze (D:2)
  A worm (D:2)
  An orc (D:3)
  5 bats
  3 giant cockroaches
  9 goblins
  6 hobgoblins
  5 kobolds
  A giant gecko (D:2)
  2 giant newts
  7 rats
  A plant (D:1)
47 creatures vanquished.

Notes
Turn   | Place    | Note
--------------------------------------------------------------
     0 | D:1      | Leibowitz the Demigod Fighter began the quest for the Orb.
     0 | D:1      | Reached XP level 1. HP: 18/18 MP: 3/3
   218 | D:1      | Reached skill level 3 in Armour
   333 | D:1      | Reached XP level 2. HP: 22/25 MP: 4/4
  1288 | D:2      | Reached XP level 3. HP: 30/30 MP: 5/5
  2144 | D:3      | Found a faded altar to an unknown god.
  2371 | D:3      | Found a deep blue altar of Sif Muna.
  2405 | D:3      | Reached skill level 1 in Dodging
  2405 | D:3      | Reached XP level 4. HP: 29/38 MP: 6/6
  2431 | D:3      | Reached XP level 5. HP: 16/45 MP: 7/7
  2432 | D:3      | Slain by a killer bee

Vault maps used:
D:1:      dpeg_arrival_signposts, serial_bayou, serial_bayou_pond_a,
          serial_bayou_pond_d, serial_bayou_ford_a, serial_bayou_lagoon_a,
          minivault_4
D:3:      lemuel_doored_altar, makhleb_heckhound_becter, ecumenical_altar_2

Action                   |  1- 3 |  4- 6 || total
-------------------------+-------+-------++-------
Melee: Long sword        |   177 |     5 ||   182
Throw: Javelin           |     4 |     6 ||    10
  Use: Potion            |       |     1 ||     1
  Eat: Chunk             |     4 |       ||     4
       Pizza             |     1 |       ||     1
